 Dungeon Crawl Stone Soup version 0.29.1-15-g9cfb28693d (webtiles) character file.

Game seed: 15497774586657929801

1345140 LaPetiteMort the Devastator (level 25, 222/235 HPs)
             Began as a Green Draconian Conjurer on Apr 23, 2023.
             Was a High Priest of Ashenzari.
             Escaped with the Orb
             ... and 3 runes on Apr 28, 2023!
             The game lasted 05:57:12 (107830 turns).

LaPetiteMort the Devastator (DrCj)                Turns: 107830, Time: 05:57:13

Health: 222/235    AC: 22    Str:  8      XL:     25   Next: 42%
Magic:  44/45      EV: 16    Int: 21 (25) God:    Ashenzari [*****.]
Gold:   7887       SH: 14    Dex: 10 (13) Spells: 14/60 levels left

rFire   + + .      SeeInvis +   z - +9 hand axe "Stickiness of Ashenzari" {spect, rPois Stlth+, Elem, Alch} (curse)
rCold   . . .      Faith    .   V - +0 kite shield "Loss of Ashenzari" {reflect, Melee, Elem} (curse)
rNeg    . . .      Spirit   .   (body armour unavailable)
rPois   +          Reflect  +   w - +1 hat of Ashenzari's Ethics {Melee, Elem} (curse)
rElec   +          Harm     .   j - +2 cloak "Bound Together" {Elem, Alch} (curse)
rCorr   +          Rampage  .   N - +2 pair of gloves "Share My Trepidation" {Cun, Elem} (curse)
Will    ++...      Clarity  +   Z - +2 pair of boots of Desmomancy {Fly, Self, Bglg} (curse)
Stlth   ++........              U - amulet "Cursed With Me" {RegenMP, Elem, Bglg} (curse)
HPRegen 0.49/turn               c - ring of Xirept {rF+ Slay+4}
MPRegen 0.69/turn               e - ring of Ashenzari's Moon {rElec rF+ Will+ rCorr, Fort, Bglg} (curse)

@: flying, studying Axes
A: breathe noxious fumes, AC +12, unfitting armour, stinger 1, poison
resistance, cold-blooded, beak, clumsy 1, weak 1
0: Orb of Zot
}: 3/15 runes: decaying, slimy, gossamer
a: Breathe Noxious Fumes, Renounce Religion, Shatter the Chains


You escaped.
You worshipped Ashenzari.
Ashenzari was extremely pleased with you.
You visited 12 branches of the dungeon, and saw 53 of its levels.
You visited 1 bazaar.
You also visited: Bailey and Wizlab.

You collected 8509 gold pieces.
You spent 622 gold pieces at shops.

Inventory:

Hand Weapons
 z - the cursed +9 hand axe "Stickiness of Ashenzari" (weapon) {spect, rPois Stlth+, Elem, Alch}
   (You took it off an orc wizard on level 7 of the Dungeon)

   When its wielder attacks, the weapon's spirit leaps out and strikes again.
   The spirit shares a part of any damage it takes with its wielder.
   rPois:     It protects you from poison.
   Stlth:     It makes you more stealthy.
   It has a curse which improves the following skills: Elements: Fire Magic, Ice
   Magic, Air Magic and Earth Magic.
   Alchemy:   Poison Magic and Transmutations.
 J - a +7 demon blade of pain
Missiles
 y - 6 throwing nets
Armour
 j - the cursed +2 cloak "Bound Together" (worn) {Elem, Alch}
   (You found it on level 2 of the Dungeon)

   It has a curse which improves the following skills: Elements: Fire Magic, Ice
   Magic, Air Magic and Earth Magic.
   Alchemy:   Poison Magic and Transmutations.
 w - the cursed +1 hat of Ashenzari's Ethics (worn) {Melee, Elem}
   (You found it on level 4 of the Lair of Beasts)

   It has a curse which improves the following skills: Melee Combat: Short
   Blades, Long Blades, Axes, Maces & Flails, Polearms, Staves and Unarmed
   Combat.
   Elements:  Fire Magic, Ice Magic, Air Magic and Earth Magic.
 N - the cursed +2 pair of gloves "Share My Trepidation" (worn) {Cun, Elem}
   (You found it on level 5 of the Lair of Beasts)

   It has a curse which improves the following skills: Cunning: Dodging and
   Stealth.
   Elements:  Fire Magic, Ice Magic, Air Magic and Earth Magic.
 V - the cursed +0 kite shield "Loss of Ashenzari" (worn) {reflect, Melee, Elem}
   (You took it off Donald on level 2 of the Swamp)

   It has a curse which improves the following skills: Melee Combat: Short
   Blades, Long Blades, Axes, Maces & Flails, Polearms, Staves and Unarmed
   Combat.
   Elements:  Fire Magic, Ice Magic, Air Magic and Earth Magic.
 Z - the cursed +2 pair of boots of Desmomancy (worn) {Fly, Self, Bglg}
   (You found it on level 3 of the Depths)

   It has a curse which improves the following skills: Introspection: Fighting
   and Spellcasting.
   Beguiling: Conjurations, Hexes and Translocations.
Jewellery
 c - the ring of Xirept (left hand) {rF+ Slay+4}
   (You took it off a deep elf pyromancer on level 3 of the Elven Halls)

   [ring of slaying]

   Slay:      It affects your accuracy & damage with ranged weapons and melee
   (+4).
   rF:        It protects you from fire.
 e - the cursed ring of Ashenzari's Moon (right hand) {rElec rF+ Will+ rCorr, Fort, Bglg}
   (You took it off a deep elf pyromancer on level 3 of the Elven Halls)

   [ring of resist corrosion]

   rF:        It protects you from fire.
   rElec:     It insulates you from electricity.
   rCorr:     It protects you from acid and corrosion.
   Will:      It increases your willpower.
   It has a curse which improves the following skills: Fortitude: Shields.
   Beguiling: Conjurations, Hexes and Translocations.
 n - an amulet of guardian spirit
 p - a ring of wizardry
 v - a ring of positive energy
 H - the ring of Moral Flaws {Fire Drain rN+ rCorr Int+3}
   (You took it off a naga sharpshooter on level 4 of the Depths)

   [ring of fire]

   It enhances your fire magic.
   Int:       It affects your intelligence (+3).
   rF:        It protects you from fire.
   rC:        It makes you vulnerable to cold.
   rN:        It protects you from negative energy.
   rCorr:     It protects you from acid and corrosion.
   Drain:     It drains your maximum health when unequipped.
 I - a ring of protection from fire
 L - the ring "Dodghepni" {MP+9 Str+4 Int+3 Dex+3}
   (You found it on level 4 of the Depths)

   [ring of magical power]

   Str:       It affects your strength (+4).
   Int:       It affects your intelligence (+3).
   Dex:       It affects your dexterity (+3).
   MP:        It affects your magic capacity (+9).
 U - the cursed amulet "Cursed With Me" (around neck) {RegenMP, Elem, Bglg}
   (You found it on level 2 of the Depths)

   [amulet of magic regeneration]

   It increases your rate of magic regeneration.
   It has a curse which improves the following skills: Elements: Fire Magic, Ice
   Magic, Air Magic and Earth Magic.
   Beguiling: Conjurations, Hexes and Translocations.
 Y - the ring of Lafathroi {Drain rPois rF+++ Will+ MP-9}
   (You found it on level 3 of the Elven Halls)

   [ring of willpower]

   rF:        It renders you almost immune to fire.
   rPois:     It protects you from poison.
   MP:        It affects your magic capacity (-9).
   Drain:     It drains your maximum health when unequipped.
   Will:      It increases your willpower.
Wands
 g - a wand of flame (98)
 i - a wand of charming (68)
 u - a wand of mindburst (18)
 A - a wand of iceblast (24)
 C - a wand of polymorph (27)
 M - a wand of quicksilver (43) (quivered)
 O - a wand of digging (6)
Scrolls
 h - 13 scrolls of poison
 m - 15 scrolls of teleportation
 q - 10 scrolls of vulnerability
 r - 3 scrolls of enchant weapon
 s - a scroll of blinking
 x - 2 scrolls of magic mapping
 D - 4 scrolls of summoning
 F - 8 scrolls of enchant armour
 G - 5 scrolls of butterflies
 K - 15 scrolls of fear
 Q - 2 scrolls of brand weapon
 R - 13 scrolls of amnesia
 W - 3 scrolls of silence
Potions
 a - 2 potions of magic
 b - 5 potions of might
 d - 2 potions of haste
 f - 11 potions of mutation
 k - 13 potions of heal wounds
 l - 9 potions of cancellation
 o - 2 potions of resistance
 t - 22 potions of curing
 B - 8 potions of brilliance
 S - 5 potions of invisibility
 T - 14 potions of ambrosia
 X - a potion of berserk rage
Miscellaneous
 E - a phial of floods


   Skills:
 - Level 18.9(21.0) Fighting
 - Level 2.5(5.2) Long Blades
 - Level 10.5(14.0) Axes
 - Level 12.7(15.0) Dodging
 - Level 11.7(14.0) Stealth
 + Level 18.2(20.3) Shields
 - Level 15.8(18.0) Spellcasting
 - Level 20.9(25.0) Conjurations
 - Level 4.5 Necromancy
 - Level 1.1(3.6) Translocations
 - Level 20.5(27) Fire Magic
 - Level 4.2(10.5) Air Magic
 - Level 11.5(15.0) Poison Magic


You had 14 spell levels left.
You knew the following spells:

 Your Spells              Type           Power      Damage    Failure   Level
a - Fireball              Conj/Fire      45%        3d18      0%          5
b - Sticky Flame          Conj/Fire      91%        2d10      0%          4
c - Mephitic Cloud        Conj/Pois/Air  74%        N/A       0%          3
d - Ignite Poison         Fire/Tmut/Pois 68%        N/A       1%          3
e - Olgreb's Toxic Radia  Pois           69%        N/A       1%          4
f - Orb of Destruction    Conj           45%        9d12      1%          7
g - Ignition              Fire           46%        3d13      1%          8
h - Fire Storm            Conj/Fire      45%        8d12      9%          9
i - Apportation           Tloc           68%        N/A       1%          1
z - Blink                 Tloc           68%        N/A       1%          2

Your spell library contained the following spells:

 Spells                   Type           Power      Damage    Failure   Level
 Foxfire                  Conj/Fire      100%       2x1d9     0%          1
 Magic Dart               Conj           100%       1d8       0%          1
 Scorch                   Fire           100%       2d10      0%          2
 Searing Ray              Conj           100%       2d8       0%          2
 Conjure Flame            Conj/Fire      91%        6-21      0%          3
 Flame Wave               Conj/Fire      91%        2d19      0%          4
 Iskenderun's Battlesphe  Conj           90%        2d14      0%          5
 Starburst                Conj/Fire      45%        6d13      0%          6
 Necrotise                Necr           100%       1d9       1%          1
 Sting                    Tmut/Pois      100%       1d8       1%          1
 Poisonous Vapours        Pois/Air       100%       N/A       1%          2
 Dazzling Flash           Conj/Hex       100%       N/A       1%          3
 Inner Flame              Hex/Fire       67%        N/A       1%          3
 Stone Arrow              Conj/Erth      100%       3d13      1%          3
 Swiftness                Air            58%        N/A       1%          3
 Vampiric Draining        Necr           37%        2d8       1%          3
 Corpse Rot               Necr/Pois/Air  57%        N/A       1%          4
 Fulminant Prism          Conj/Hex       32%        3d16      1%          4
 Iskenderun's Mystic Bla  Conj/Tloc      68%        2d14      1%          4
 Freezing Cloud           Conj/Ice/Air   31%        6-21      1%          5
 Irradiate                Conj/Tmut      32%        3d22      1%          5
 Conjure Ball Lightning   Conj/Air       38%        3x3d12    1%          6
 Freeze                   Ice            92%        1d10      2%          1
 Sandblast                Erth           46%        2d11      2%          1
 Summon Small Mammal      Summ           72%        N/A       3%          1
 Ensorcelled Hibernation  Hex/Ice        44%        N/A       4%          2
 Passwall                 Tmut/Erth      18%        N/A       4%          2
 Summon Lightning Spire   Summ/Air       41%        N/A       4%          4
 Alistair's Intoxication  Tmut/Pois      34%        N/A       4%          5
 Call Imp                 Summ           18%        N/A       6%          2
 Dispel Undead            Necr           37%        3d15      6%          4
 Ozocubu's Armour         Ice            23%        N/A       8%          3
 Tukima's Dance           Hex            21%        N/A       9%          3
 Passage of Golubria      Tloc           34%        N/A       9%          4
 Summon Guardian Golem    Hex/Summ       20%        N/A       10%         3
 Silence                  Hex/Air        21%        N/A       11%         5
 Anguish                  Hex/Necr       14%        N/A       13%         4
 Agony                    Necr           37%        N/A       17%         5
 Manifold Assault         Tloc           34%        N/A       24%         5
 Eringya's Noxious Bog    Tmut/Pois      25%        N/A       24%         6
 Leda's Liquefaction      Hex/Erth       11%        N/A       26%         4
 Petrify                  Tmut/Erth      22%        N/A       28%         4
 Summon Ice Beast         Ice/Summ       21%        N/A       30%         4
 Borgnjor's Vile Clutch   Necr/Erth      15%        N/A       34%         5
 Summon Forest            Summ/Tloc      13%        N/A       45%         5
 Lee's Rapid Deconstruct  Erth           11%        3d9*      56%         5
 Metabolic Englaciation   Hex/Ice        11%        N/A       58%         5
 Blade Hands              Tmut           10%        N/A       65%         5
 Yara's Violent Unravell  Hex/Tmut       10%        3d6       65%         5
 Summon Mana Viper        Hex/Summ       20%        N/A       67%         5
 Death Channel            Necr           18%        N/A       67%         6
 Lehudib's Crystal Spear  Conj/Erth      32%        10d8      75%         8
 Simulacrum               Ice/Necr       15%        N/A       88%         6
 Chain Lightning          Conj/Air       38%        3d50      95%         9
 Storm Form               Tmut/Air       21%        N/A       98%         7
 Statue Form              Tmut/Erth      14%        N/A       99%         6
 Summon Cactus Giant      Summ           9%         N/A       99%         6
 Dragon Form              Tmut           10%        N/A       100%        7
 Enfeeble                 Hex            10%        N/A       100%        7
 Malign Gateway           Summ/Tloc      13%        N/A       100%        7
 Ozocubu's Refrigeration  Ice            11%        4d10      100%        7
 Summon Hydra             Summ           9%         N/A       100%        7
 Discord                  Hex            10%        N/A       100%        8
 Disjunction              Tloc           17%        N/A       100%        8
 Summon Horrible Things   Summ           9%         N/A       100%        8
 Dragon's Call            Summ           9%         N/A       100%        9
 Polar Vortex             Ice            11%        N/A       100%        9
 Shatter                  Erth           11%        3d12*     100%        9
 Animate Armour           Summ/Erth      Unusable   N/A       N/A         4

Dungeon Overview and Level Annotations

Branches:
Dungeon (15/15)            Temple (1/1) D:4            Lair (5/5) D:8
  Swamp (4/4) Lair:3       Spider (4/4) Lair:2        Slime (5/5) Lair:4
    Orc (2/2) D:9             Elf (3/3) Orc:2        Vaults (4/5) D:13
  Crypt (1/3) Vaults:3     Depths (4/4) D:15            Zot (5/5) Depths:4
 Bailey (visited)          WizLab (visited)

Altars:
Ashenzari
Cheibriados
Dithmenos
Elyvilon
Fedhas
Gozag
Hepliaklqana
Kikubaaqudgha
Makhleb
Nemelex Xobeh
Okawaru
Qazlal
Ru
Sif Muna
Trog
Uskayaw
Vehumet
Wu Jian
Xom
Yredelemnul
Zin
The Shining One
Jiyva
Lugonu

Shops:
D:13 [?[[(   D:14 ?   Orc:1 (*:   Orc:2 ([=*   Elf:1 ==:   Vaults:4 :
Depths:1 (   Depths:4 ==

Portals:
Hell: Depths:1 Depths:2 Depths:3 Depths:4
Abyss: Depths:2 Depths:3
Pandemonium: Depths:2
Ziggurat: Depths:3

Annotations:
D:2 Sigmund
D:3 3 runed translucent doors, p0werm0de's ghost, amateur MiFi
Spider:1 1 exclusion
Spider:2 3 runed translucent doors, p0werm0de's ghost, journeyman MiFi
Elf:2 3 runed translucent doors
Vaults:1 3 runed translucent doors, exclusion: downstairs, LLlMATKO's ghost, adept MiBe
Depths:4 1 transporter
Zot:3 exclusion: downstairs
Zot:4 exclusion: upstairs


Innate Abilities, Weirdness & Mutations

You can breathe blasts of noxious fumes.
Your lurid green scales are hard. (AC +12)
You cannot fit into any form of body armour.
Your tail ends in a venomous barb.
Your system is resistant to poisons. (rPois)
You are cold-blooded and may be slowed by cold attacks.
You have a beak for a mouth.
You are clumsy. (Dex -2)
You are weak. (Str -2)


Message History

There is a stone staircase leading down here.
The demonic crawler moves out of view.
There is a stone staircase leading up, spattered with blood here.
You fly upwards.
Level annotation: Sigmund
There is a stone staircase leading down here.
You see here a +0 dagger.
The hobgoblin shouts!
There is a stone staircase leading up here.
You fly upwards.
There is a stone staircase leading down here.
A reaper comes into view.
It is wielding a +6 scythe of protection.
The reaper hits you from afar with a +6 scythe of protection!!
Casting: Orb of Destruction (mildly dangerous; 1% risk of failure)
Confirm with . or Enter, or press ? or * to list all spells.
Aiming: Orb of Destruction (mildly dangerous; 1% risk of failure)
Press: ? - help, Shift-Dir - straight line, f - reaper
Aim: a reaper, wielding a +6 scythe of protection You block the reaper's attack.
The wavering orb of destruction hits the reaper!!
The reaper is moderately wounded.
Casting: Orb of Destruction (mildly dangerous; 1% risk of failure)
Confirm with . or Enter, or press ? or * to list all spells.
Aiming: Orb of Destruction (mildly dangerous; 1% risk of failure)
Press: ? - help, Shift-Dir - straight line, f/p - reaper
Aim: a reaper, wielding a +6 scythe of protection (moderately wounded)
You block the reaper's attack.
The wavering orb of destruction hits the reaper!!!
The reaper is almost dead.
Casting: Orb of Destruction (mildly dangerous; 1% risk of failure)
Confirm with . or Enter, or press ? or * to list all spells.
Aiming: Orb of Destruction (mildly dangerous; 1% risk of failure)
Press: ? - help, Shift-Dir - straight line, f/p - reaper
Aim: a reaper, wielding a +6 scythe of protection (almost dead)
The reaper closely misses you.
The wavering orb of destruction hits the reaper!!
You blow up the reaper!
There is an open door here.
There is a staircase leading out of the dungeon here.
You have escaped!

##############.###.#
# ###########'###+#
# ##########.###.##
##...>...#
##...#...#
##...#...# #...#...#
#.......# #...@...#
#.......# #########
#######


There were no monsters in sight!

Vanquished Creatures
  the Royal Jelly (Slime:5)
  2 dread liches (Zot:5)
  An orb of fire (Zot:5)
  An ancient lich (Zot:5)
  Boris (twice) (Vaults:3 Vaults:4)
  Bai Suzhen (Vaults:2)
  4 Killer Klowns
  Margery (Vaults:2)
  A curse toe (Zot:4)
  2 caustic shrikes
  6 golden dragons
  the Enchantress (Depths:3)
  4 electric golems
  6 tentacled monstrosities
  2 walking crystal tomes (Depths:4)
  3 liches
  21 Orb Guardians
  3 quicksilver dragons
  2 deep elf blademasters
  19 acid blobs
  A walking frostbound tome (Depths:4)
  5 sphinxes
  5 death cobs
  Frances (Spider:1)
  The ghost of ioannis32 the Protected, an adept DsBe of Trog (Elf:2)
  5 tengu reavers
  8 storm dragons
  Donald (Swamp:2)
  12 rockslimes
  3 draconian monks
  A shadow dragon (Zot:5)
  A fenstrider witch (Swamp:3)
  10 fire giants
  10 azure jellies
  5 deep elf sorcerers
  Roxanne (D:15)
  5 draconian knights
  13 vault wardens
  A frost giant (shapeshifter) (Depths:4)
  10 frost giants
  7 ghost moths
  Louise (Elf:1)
  3 emperor scorpions
  3 ghouls
  4 draconian shifters
  2 orc warlords
  Aizul (Elf:1)
  A reaper (D:1)
  9 ironbound preservers
  9 quicksilver oozes
  6 deep elf elementalists (Elf:3)
  2 war gargoyles
  5 broodmothers (Spider:4)
  A broodmother (shapeshifter) (Vaults:2)
  A draconian stormcaller (Zot:4)
  5 draconian annihilators
  3 spriggan defenders (Depths:3)
  2 vampire knights
  14 stone giants
  10 ironbound thunderhulks
  17 very ugly things
  10 green draconians
  3 eleionomae
  8 dire elephants
  12 purple draconians
  5 black draconians
  9 deep elf demonologists
  12 white draconians
  A minotaur (Vaults:1)
  13 red draconians
  7 deep elf annihilators
  7 yellow draconians
  An eidolon (Crypt:1)
  8 entropy weavers
  8 spark wasps
  5 bunyips
  6 ettins
  A crystal guardian (Vaults:1)
  8 deep elf death magi
  Josephine (Lair:5)
  A merfolk impaler (Vaults:1)
  16 yaktaur captains
  A mummy priest (WizLab)
  3 shambling mangroves
  10 fire dragons
  5 deep elf high priests
  27 hydras
  9 great orbs of eyes
  2 rakshasas
  17 vault guards
  7 boulder beetles
  An ogre mage (Vaults:1)
  21 centaur warriors
  A catoblepas (D:15)
  2 peacekeepers
  6 ice dragons
  5 radroaches
  3 two-headed ogres
  5 spriggan air magi
  A jorogumo (Spider:3)
  Erica (D:10)
  10 alligators
  12 ironbound frosthearts
  18 dancing weapons
  16 death yaks
  A death scarab (Spider:4)
  12 deep troll shamans
  6 deep troll earth magi
  2 vampire magi
  10 tengu warriors
  An orc high priest (Orc:2)
  6 spriggan berserkers
  A naga sharpshooter (Depths:4)
  11 hell knights
  3 deep elf knights
  6 iron trolls
  18 skeletal warriors
  11 pharaoh ants
  3 goliath frogs
  A death drake (Swamp:3)
  2 deep trolls (shapeshifter)
  A steelbarb worm (Spider:1)
  An orange crystal statue (Depths:2)
  4 spriggan druids
  54 deep trolls
  9 orb spiders
  5 glowing orange brains
  5 bog bodies
  18 deep elf archers
  2 phantasmal warriors
  13 swamp dragons
  5 orc knights
  A harpy (shapeshifter) (Depths:3)
  21 deep elf pyromancers
  22 lindwurms
  Pikel (D:5)
  14 ironbound convokers
  4 necromancers
  7 wizards
  19 wolf spiders
  18 harpies
  4 oklob plants (Lair:3)
  22 deep elf zephyrmancers
  A stone giant zombie (Vaults:4)
  A fire giant zombie (WizLab)
  4 orc sorcerers
  3 manticores
  A faun (shapeshifter) (Depths:1)
  3 shining eyes
  4 will-o-the-wisps
  14 moths of wrath
  21 ugly things
  17 cyclopes
  9 black mambas
  Joseph (D:7)
  8 elephants
  4 torpor snails
  11 vault sentinels
  A black mamba (shapeshifter) (Elf:2)
  A guardian serpent (Lair:5)
  An eye of devastation (Slime:5)
  2 gargoyles
  13 cane toads
  8 komodo dragons
  A rime drake (Lair:4)
  28 yaktaurs
  5 kobold demonologists
  A hellion (Zot:4)
  2 freezing wraiths
  3 tengu conjurers
  9 demonic crawlers
  11 meliai
  A red devil (Depths:1)
  2 trolls
  A bloated husk (Swamp:2)
  7 tyrant leeches
  19 hornets
  10 polar bears
  4 raiju (Lair:5)
  69 slime creatures
  15 tarantellas
  A tarantella (shapeshifter) (Vaults:1)
  16 blink frogs
  26 culicivoras
  A slime creature (shapeshifter) (Vaults:2)
  29 jumping spiders
  A jumping spider (shapeshifter) (Vaults:1)
  3 air elementals (Elf:3)
  A culicivora (shapeshifter) (Depths:3)
  9 spriggans
  10 wyverns
  5 shadows
  4 vampires
  A human (shapeshifter) (Depths:3)
  3 basilisks
  41 yaks
  A yak (shapeshifter) (D:15)
  17 humans (D:13)
  6 wraiths
  A hog (shapeshifter) (D:13)
  A steam dragon (D:8)
  2 golden eyes (Slime:5)
  54 redbacks
  An elf skeleton (Vaults:4)
  12 vampire mosquitoes
  10 wargs
  11 swamp worms
  An acid dragon (D:10)
  20 water moccasins
  Duvessa (D:5)
  13 hell hounds (Lair:5)
  6 floating eyes
  9 swamp drakes
  An ice beast (D:6)
  2 sky beasts (D:7)
  31 orc warriors
  15 black bears
  28 wolves
  8 ogres
  A wolf (shapeshifter) (Vaults:1)
  5 centaurs
  2 lemures (D:5)
  2 kobold brigands (D:6)
  3 earth elementals
  3 necrophages
  12 bullfrogs
  A human skeleton (Vaults:4)
  4 scorpions
  17 wights
  Dowan (D:5)
  11 killer bees
  2 jellies
  4 howler monkeys
  5 hounds
  A gnoll bouda (D:7)
  17 orc priests
  Crazy Yiuf (D:7)
  4 iguanas
  Jessica (D:2)
  Natasha (thrice) (D:3)
  35 orc wizards
  13 gnolls
  7 adders
  2 shadow imps
  A worm (D:3)
  2 dart slugs
  65 orcs
  4 ball pythons
  4 bats
  14 endoplasms
  2 giant cockroaches (D:1)
  9 hobgoblins
  25 kobolds
  2 quokkas
  5 frilled lizards
  9 goblins
  5 rats
  A butterfly (Swamp:2)
  A fire vortex (Slime:5)
1981 creatures vanquished.

Vanquished Creatures (collateral kills)
  A shadow dragon (Zot:4)
  A draconian monk (Zot:4)
  An azure jelly (Slime:5)
  A black draconian (Zot:5)
  Nessos (Lair:5)
  2 water moccasins (Lair:5)
7 creatures vanquished.

Vanquished Creatures (others)
  A purple draconian (Zot:4)
  2 blink frogs (Lair:4)
  54 fire vortices
  14 foxfires
  69 fungi
  171 plants
311 creatures vanquished.

Grand Total: 2299 creatures vanquished

Notes
Turn   | Place    | Note
-------+----------+-------------------------------------------
     0 | D:1      | LaPetiteMort the Draconian Conjurer began the quest for the
                  | Orb.
     0 | D:1      | Reached XP level 1. HP: 14/14 MP: 3/3
   338 | D:1      | Reached skill level 1 in Fighting
   338 | D:1      | Reached XP level 2. HP: 23/23 MP: 0/5
   341 | D:1      | Learned a level 2 spell: Searing Ray
   545 | D:1      | Found a faded altar of an unknown god.
  1444 | D:2      | Noticed Sigmund
  1446 | D:2      | Reached XP level 3. HP: 28/28 MP: 3/6
  1564 | D:3      | Noticed Jessica
  1814 | D:2      | Killed Jessica
  1815 | D:2      | Reached XP level 4. HP: 36/36 MP: 0/8
  2568 | D:3      | Noticed Natasha
  2571 | D:3      | Noticed p0werm0de's ghost (amateur MiFi)
  2642 | D:3      | Killed Natasha
  2643 | D:3      | Reached XP level 5. HP: 42/45 MP: 4/9
  2758 | D:3      | Noticed Natasha
  2763 | D:3      | Killed Natasha
  2764 | D:3      | Reached skill level 5 in Conjurations
  2884 | D:3      | Noticed Natasha
  2909 | D:3      | Killed Natasha
  3004 | D:3      | Found a runed translucent gate.
  3007 | D:3      | Found a runed translucent gate.
  3107 | D:3      | Found a runed translucent gate.
  3398 | D:4      | Noticed a black bear
  3434 | D:4      | Reached XP level 6. HP: 51/51 MP: 6/11
  3782 | D:4      | Found a staircase to the Ecumenical Temple.
  4239 | Temple   | Entered the Ecumenical Temple
  4460 | Temple   | Became a worshipper of Ashenzari the Shackled
  4477 | D:5      | Entered Level 5 of the Dungeon
  4497 | D:5      | Your scales start taking on a lurid green colour.
  4497 | D:5      | Reached XP level 7. HP: 59/59 MP: 5/13
  4497 | D:5      | Gained mutation: Your system is resistant to poisons.
                  | (rPois) [Green Draconian growth]
  5035 | D:5      | Noticed Pikel
  5061 | D:5      | Killed Pikel
  5062 | D:5      | Reached skill level 5 in Fighting
  5062 | D:5      | Reached XP level 8. HP: 56/69 MP: 2/14
  5250 | D:5      | Noticed Duvessa
  5258 | D:5      | Killed Duvessa
  5259 | D:5      | Noticed Dowan
  5264 | D:5      | Killed Dowan
  5936 | D:6      | Reached skill level 1 in Poison Magic
  6211 | D:6      | Found an opulent altar of Gozag.
  6265 | D:6      | Noticed a +0 falchion
  6266 | D:6      | Noticed a +0 dagger
  6266 | D:6      | Noticed a +0 dagger
  6274 | D:6      | Noticed a +0 short sword
  6288 | D:6      | Noticed a +0 short sword
  6288 | D:6      | Noticed a +0 spear
  6288 | D:6      | Noticed a +0 falchion
  6304 | D:6      | Reached skill level 5 in Dodging
  6519 | D:6      | Identified the +0 plate armour "Ixuclis" {Will+ Str-4
                  | Int+6}
  6868 | D:6      | Found an ornate altar of the Wu Jian Council.
  6868 | D:6      | Found a hazy altar of Hepliaklqana.
  6996 | D:6      | Found a hide-covered altar of Uskayaw.
  6999 | D:6      | Noticed a +0 spear
  7035 | D:6      | Reached XP level 9. HP: 80/80 MP: 12/15
  7450 | D:7      | Found a stormy altar of Qazlal.
  7472 | D:7      | Noticed Joseph
  7829 | D:7      | Reached skill level 1 in Fire Magic
  7829 | D:7      | Reached skill level 1 in Air Magic
  8405 | D:7      | Killed Joseph
  8562 | D:7      | Learned a level 3 spell: Mephitic Cloud
  8566 | D:7      | Learned a level 3 spell: Ignite Poison
  8714 | D:7      | Reached skill level 5 in Spellcasting
  9167 | D:7      | Found a runed translucent door.
  9168 | D:7      | Noticed Crazy Yiuf
  9200 | D:7      | Killed Crazy Yiuf
  9201 | D:7      | Reached * piety under Ashenzari
  9593 | D:8      | Identified the +9 hand axe "Ciejal" {spect, rPois Stlth+}
  9807 | D:7      | Identified the cursed +2 cloak "Bound Together" {Elem,
                  | Alch} (You found it on level 2 of the Dungeon)
  9807 | D:7      | Identified the cursed ring "Mantic Lethargy" {Str+6, Self,
                  | Comp} (You found it on level 7 of the Dungeon)
  9936 | D:8      | Found a flagged portal.
  9946 | Bailey   | Entered a bailey
  9970 | Bailey   | Noticed an orc warlord
 10027 | Bailey   | Found a runed translucent gate.
 10028 | Bailey   | Found a runed translucent gate.
 10065 | Bailey   | Reached skill level 1 in Axes
 10065 | Bailey   | Reached XP level 10. HP: 90/90 MP: 14/20
 10248 | Bailey   | Found a runed translucent gate.
 10281 | Bailey   | Killed an orc warlord
 10314 | Bailey   | Learned a level 2 spell: Blink
 10620 | D:8      | Reached skill level 1 in Long Blades
 10620 | D:8      | Reached skill level 1 in Necromancy
 10687 | D:8      | Reached ** piety under Ashenzari
 10799 | D:8      | Identified the Monograph on Incandescence and Cold
 10823 | D:8      | Found an iron altar of Okawaru.
 10824 | D:8      | Found a bloodstained altar of Trog.
 11070 | D:8      | Reached skill level 5 in Poison Magic
 11299 | D:8      | Found a staircase to the Lair.
 11305 | D:8      | Reached skill level 5 in Fire Magic
 11520 | Lair:1   | Entered Level 1 of the Lair of Beasts
 11653 | Lair:1   | Reached *** piety under Ashenzari
 11926 | Lair:1   | Learned a level 4 spell: Olgreb's Toxic Radiance
 12151 | Lair:1   | Reached XP level 11. HP: 101/101 MP: 12/24
 12780 | Lair:2   | Noticed a five-headed hydra
 12781 | Lair:2   | Noticed a death yak
 12791 | Lair:2   | Noticed a death yak
 12794 | Lair:2   | Noticed a death yak
 12805 | Lair:1   | Killed a nine-headed hydra
 13563 | D:9      | Identified a scroll of acquirement
 13573 | D:9      | Acquired a book of the Spheres
 13583 | D:9      | Learned a level 5 spell: Fireball
 13751 | D:9      | Found a glowing golden altar of the Shining One.
 13940 | D:9      | Found a staircase to the Orcish Mines.
 13971 | D:10     | Entered Level 10 of the Dungeon
 14146 | D:10     | Noticed Erica
 14155 | D:10     | Killed Erica
 14383 | D:10     | Identified the +4 rapier "Qoxkiruc" {antimagic, Fragile
                  | rElec rPois Int+2}
 15938 | D:11     | Noticed a two-headed ogre
 15952 | D:11     | Killed a two-headed ogre
 15953 | D:11     | Reached XP level 12. HP: 110/110 MP: 8/26
 16754 | Orc:1    | Entered Level 1 of the Orcish Mines
 16760 | Orc:1    | Reached skill level 10 in Fire Magic
 16911 | Orc:1    | Noticed an ettin
 17397 | Lair:2   | Noticed a death yak
 17398 | Lair:2   | Noticed a death yak
 17546 | D:8      | Killed a death yak
 17762 | Lair:1   | Killed a death yak
 18132 | Lair:1   | Killed a death yak
 18174 | Lair:1   | Killed a death yak
 18617 | Lair:2   | Killed a death yak
 18653 | Lair:2   | Noticed a seven-headed hydra
 18657 | Lair:2   | Killed a seven-headed hydra
 18999 | Lair:2   | Found a hole to the Spider Nest.
 19231 | Lair:2   | Reached skill level 10 in Fighting
 19945 | Lair:3   | Noticed a four-headed hydra
 19951 | Lair:3   | Killed a four-headed hydra
 20242 | Lair:3   | Reached XP level 13. HP: 119/119 MP: 12/27
 21634 | Lair:3   | Found a staircase to the Swamp.
 21734 | Lair:4   | Found a viscous altar of Jiyva.
 21734 | Lair:4   | Found a staircase to the Slime Pits.
 22281 | Lair:4   | Reached skill level 10 in Conjurations
 23056 | Lair:5   | Entered Level 5 of the Lair of Beasts
 23523 | Lair:5   | Noticed Josephine
 23529 | Lair:5   | Killed Josephine
 24964 | Lair:5   | Noticed Nessos
 24975 | Lair:5   | Killed Nessos
 24976 | Lair:5   | Gained mutation: Your tail ends in a venomous barb. [Green
                  | Draconian growth]
 24976 | Lair:5   | Reached XP level 14. HP: 63/132 MP: 23/28
 25495 | Lair:5   | Reached skill level 10 in Dodging
 26249 | Lair:5   | Reached **** piety under Ashenzari
 27303 | Lair:5   | Identified the +0 pair of boots of Dishonour {rPois}
 27349 | Lair:5   | Reached skill level 10 in Poison Magic
 28139 | Lair:5   | Identified the +1 robe of Nesm {rPois SInv}
 28879 | Orc:1    | Found Coginoank's Mass Market.
 29038 | Orc:1    | Reached ***** piety under Ashenzari
 29425 | Orc:1    | Found Siravan's Antique Weapon Emporium.
 29464 | Orc:1    | Found Qosmat's Book Shoppe.
 29653 | Orc:1    | Identified the +1 robe "Xuomig" {Harm rElec}
 29972 | Orc:1    | Identified the +5 morningstar of Ligraup {freeze, Fly Str+3
                  | Dex-5}
 30599 | Orc:1    | Identified the +5 sling "Coeddog" {freeze, rN+}
 30602 | Orc:1    | Identified the +5 battleaxe "Uclycur" {protect, rC+ rCorr
                  | Dex-5}
 30619 | Orc:1    | Noticed a stone giant
 31110 | Orc:1    | Reached XP level 15. HP: 141/141 MP: 20/30
 31367 | Orc:1    | Identified the +0 helmet of Onnol {*Corrode rElec rC+}
 31367 | Orc:1    | Identified the +10 sling of Boblady {freeze, rC+}
 31450 | Orc:2    | Entered Level 2 of the Orcish Mines
 32103 | Orc:2    | Noticed an orc warlord
 32105 | Orc:2    | Found Ruagunk's Jewellery Boutique.
 32149 | Orc:2    | Killed an orc warlord
 32496 | Orc:2    | Found Juxela Cizue's General Store.
 32577 | Orc:2    | Bought an amulet of reflection for 510 gold pieces
 32644 | Orc:2    | Found Fulutsew's Antique Armour Boutique.
 32675 | Orc:2    | Bought a scroll of blinking for 112 gold pieces
 32684 | Orc:2    | Found Usud's Antique Weapon Boutique.
 32798 | Orc:2    | Found a staircase to the Elven Halls.
 34261 | D:12     | Learned a level 4 spell: Sticky Flame
 34388 | D:13     | Found Reesuepp's Magic Scroll Emporium.
 35007 | D:13     | Found Deacw's Antique Armour Shop.
 35021 | D:13     | Found Gouhizad's Weapon Boutique.
 35032 | D:13     | Found Qanequme's Armour Boutique.
 35074 | D:13     | Reached skill level 10 in Spellcasting
 35074 | D:13     | Reached skill level 15 in Fire Magic
 35381 | D:13     | Found Nynis's Antique Armour Emporium.
 36032 | D:13     | Found a gate to the Vaults.
 36218 | D:14     | Found Jymium's Magic Scroll Shop.
 37156 | D:14     | Learned a level 8 spell: Ignition
 37358 | D:14     | Reached XP level 16. HP: 149/149 MP: 12/34
 37732 | D:14     | Found a hazy altar of Hepliaklqana.
 38041 | D:15     | Entered Level 15 of the Dungeon
 38319 | D:15     | Noticed Roxanne
 38535 | D:15     | Found a staircase to the Depths.
 39339 | Spider:1 | Entered Level 1 of the Spider Nest
 39437 | Spider:1 | Noticed Frances
 40138 | Spider:1 | Killed Frances
 42206 | Spider:2 | Found a runed translucent gate.
 42206 | Spider:2 | Found a runed translucent gate.
 42383 | Spider:2 | Found a runed translucent gate.
 42385 | Spider:2 | Noticed p0werm0de's ghost (journeyman MiFi)
 42399 | Spider:2 | Identified Hoddoige's Teachings on Sculpting and the
                  | Excursion
 44320 | Spider:3 | Reached XP level 17. HP: 151/151 MP: 19/36
 44902 | Spider:4 | Entered Level 4 of the Spider Nest
 45310 | Spider:4 | Identified the +3 shortbow "Kuyn" {freeze, *Corrode rElec
                  | Str+5}
 45674 | Spider:4 | Identified the +1 robe of Abstinence {Harm Int-4 Dex+2}
 47991 | Spider:4 | Got a gossamer rune of Zot
 48222 | Swamp:1  | Entered Level 1 of the Swamp
 48640 | Swamp:1  | Reached skill level 1 in Shields
 50596 | Swamp:2  | Noticed Donald
 50603 | Swamp:2  | Killed Donald
 51124 | Swamp:2  | Reached skill level 5 in Stealth
 51931 | Swamp:3  | Reached XP level 18. HP: 153/169 MP: 25/39
 52182 | Swamp:3  | Reached XP level 19. HP: 177/177 MP: 40/40
 52325 | Swamp:4  | Entered Level 4 of the Swamp
 52581 | Swamp:4  | Learned a level 7 spell: Orb of Destruction
 53625 | Swamp:4  | Got a decaying rune of Zot
 54828 | Swamp:4  | Reached skill level 15 in Fighting
 55327 | Swamp:4  | Found an ancient bone altar of Kikubaaqudgha.
 55971 | Vaults:1 | Entered Level 1 of the Vaults
 55977 | Vaults:1 | Reached skill level 15 in Conjurations
 56389 | Vaults:1 | Found a runed translucent gate.
 56389 | Vaults:1 | Found a runed translucent gate.
 56390 | Vaults:1 | Found a runed translucent gate.
 56391 | Vaults:1 | Identified the +2 ring mail of the Storm King {Harm rC-
                  | Will++ SInv}
 56391 | Vaults:1 | Noticed LLlMATKO's ghost (adept MiBe)
 56392 | Vaults:1 | Found an iron altar of Okawaru.
 59899 | Vaults:1 | Reached XP level 20. HP: 193/193 MP: 26/41
 60038 | Vaults:1 | Reached ****** piety under Ashenzari
 60477 | Vaults:1 | Identified the +0 long sword "Decamo" {venom, rN+ Int+3}
 63481 | Vaults:2 | Noticed Bai Suzhen
 64864 | Vaults:2 | Killed Bai Suzhen
 65044 | Vaults:2 | Found a gateway to a bazaar.
 65092 | Bazaar   | Entered a bazaar
 65093 | Bazaar   | Found Wodem's Book Boutique.
 65098 | Bazaar   | Found Riamoch's Magic Scroll Boutique.
 65098 | Bazaar   | Found Raptieh's Antique Weapon Boutique.
 65098 | Bazaar   | Found Onaos's Antique Armour Boutique.
 65504 | Vaults:2 | Noticed Margery
 65692 | Vaults:2 | Killed Margery
 66783 | Vaults:3 | Found a staircase to the Crypt.
 67112 | Vaults:3 | Noticed Boris
 67129 | Vaults:3 | Killed Boris
 68347 | Vaults:3 | Reached XP level 21. HP: 204/204 MP: 23/43
 68975 | Vaults:3 | Reached skill level 1 in Translocations
 69502 | Vaults:4 | Found Gemiwama's Book Shop.
 70467 | Vaults:4 | Noticed Boris
 70481 | Vaults:4 | Killed Boris
 71079 | Vaults:4 | Reached skill level 5 in Shields
 72513 | D:15     | Killed Roxanne
 72674 | Depths:1 | Entered Level 1 of the Depths
 73247 | Depths:1 | Found a gateway to Hell.
 73322 | Depths:1 | Found Amusaen's Antique Weapon Boutique.
 73372 | Depths:1 | Found a shadowy altar of Dithmenos.
 75864 | Depths:2 | Found a one-way gate leading to the halls of Pandemonium.
 76476 | Depths:2 | Found a one-way gate to the infinite horrors of the Abyss.
 77176 | Depths:2 | Reached XP level 22. HP: 195/215 MP: 19/43
 77439 | Depths:3 | Found a one-way gateway to a ziggurat.
 77455 | Depths:3 | Found a corrupted altar of Lugonu.
 79359 | Depths:3 | Noticed the Enchantress
 79495 | Depths:3 | Killed the Enchantress
 79955 | Depths:3 | Noticed a caustic shrike
 80366 | Depths:3 | Noticed a golden dragon
 80370 | Depths:3 | Killed a golden dragon
 80741 | Depths:3 | Killed a caustic shrike
 80920 | Depths:3 | Reached skill level 15 in Spellcasting
 80985 | Depths:3 | Reached skill level 10 in Stealth
 81486 | Depths:4 | Entered Level 4 of the Depths
 81608 | Depths:4 | Paralysed by a floating eye for 2 turns
 81890 | Depths:4 | Noticed a caustic shrike
 81896 | Depths:4 | Killed a caustic shrike
 81983 | Depths:4 | Found Vulit's Jewellery Shoppe.
 82006 | Depths:4 | HP: 4/211 [fire giant/fireball (26)]
 82805 | Depths:4 | Paralysed by a floating eye for 3 turns
 82819 | Depths:4 | Identified the ring "Xuylal" {rN+ Int+3 Stlth-}
 83413 | Depths:4 | Found a transporter.
 83610 | Depths:4 | Noticed a golden dragon
 83977 | Depths:4 | Killed a golden dragon
 84006 | Depths:4 | Identified the ring of Moral Flaws {Fire Drain rN+ rCorr
                  | Int+3}
 84127 | Depths:4 | Identified the ring "Dodghepni" {MP+9 Str+4 Int+3 Dex+3}
 85242 | Depths:4 | Found Fupnaq's Jewellery Boutique.
 85331 | Depths:4 | Reached XP level 23. HP: 220/220 MP: 27/45
 85456 | Depths:4 | Found a gate to the Realm of Zot.
 85675 | Depths:4 | Found a transporter.
 85985 | Elf:1    | Entered Level 1 of the Elven Halls
 85991 | Elf:1    | Noticed Aizul
 85997 | Elf:1    | Killed Aizul
 86338 | Elf:1    | Acquired 807 gold pieces
 86993 | Elf:1    | Noticed Louise
 87007 | Elf:1    | Killed Louise
 87279 | Elf:1    | Identified Xaops's Exposition on Attendants
 87501 | Elf:1    | Found Veluibel's Book Shop.
 87501 | Elf:1    | Found Rohasuha's Jewellery Shoppe.
 87511 | Elf:1    | Found Teesuh's Jewellery Shoppe.
 87809 | Elf:2    | Found a runed translucent door.
 87809 | Elf:2    | Found a shimmering altar of Xom.
 87809 | Elf:2    | Noticed ioannis32's ghost (adept DsBe)
 88172 | Elf:2    | Found a runed translucent gate.
 88173 | Elf:2    | Found a runed translucent gate.
 88173 | Elf:2    | Found a runed translucent gate.
 88331 | Elf:2    | Killed ioannis32's ghost
 88476 | Elf:3    | Entered Level 3 of the Elven Halls
 88626 | Elf:3    | Found a magical portal.
 88632 | WizLab   | Entered Doroklohe's Tomb
 89134 | WizLab   | Noticed a royal mummy
 89401 | Elf:3    | Paralysed by an air elemental for 1 turns
 89763 | Elf:3    | Reached skill level 5 in Axes
 89784 | Elf:3    | Identified the amulet of Mengu {Spirit rPois rCorr Int+3}
 89798 | Elf:3    | Identified the +9 falchion of Rotation {antimagic, Will+
                  | Str-2 Int+2}
 89844 | Elf:3    | Identified the ring of Lafathroi {Drain rPois rF+++ Will+
                  | MP-9}
 90062 | Elf:3    | Paralysed by an air elemental for 1 turns
 90714 | Elf:3    | Identified the +7 rapier of Truncation {speed, *Corrode
                  | Str+7 Int+4 Stlth+}
 90714 | Elf:3    | Identified the ring of Xirept {rF+ Slay+4}
 90809 | Elf:3    | Identified the +6 dagger of Valiance {speed, Fly rN+}
 90809 | Elf:3    | Identified the ring "Zuaceckob" {rElec rF+ Will+ rCorr}
 91885 | Elf:3    | Identified the Atlas of Coarse Frostbite
 91890 | Elf:3    | Identified the Discourse on Altered Combustion
 92323 | Slime:1  | Entered Level 1 of the Pits of Slime
 92328 | Slime:1  | Gained mutation: You are weak. (Str -2) [a shining eye]
 92421 | Slime:3  | Reached skill level 10 in Axes
 92608 | Slime:3  | Learned a level 9 spell: Fire Storm
 93262 | Slime:5  | Entered Level 5 of the Pits of Slime
 94250 | Slime:5  | Noticed the Royal Jelly
 94735 | Slime:4  | Reached XP level 24. HP: 214/233 MP: 16/46
 95088 | Slime:5  | Killed the Royal Jelly
 95742 | Slime:5  | Identified the ring of Undoing {Will+ EV+4 Str+2 Stlth+}
 95744 | Slime:5  | Identified the +1 dagger of the Everdark {freeze, Fly rPois
                  | Dex-5}
 95861 | Slime:5  | Identified the +5 hand axe "Xivodo Ware" {drain, rPois}
 95906 | Slime:5  | Got a slimy rune of Zot
 96408 | Crypt:1  | Entered Level 1 of the Crypt
 96928 | Zot:1    | Entered Level 1 of the Realm of Zot
 97170 | Zot:1    | Reached skill level 10 in Shields
 97532 | Zot:1    | Identified the Verses on the Reformed Chill
 98312 | Zot:3    | Noticed a Killer Klown
 98318 | Zot:3    | Killed a Killer Klown
 99627 | Zot:4    | Identified the +6 trident of Lonerug {speed, rC+ rCorr
                  | Dex+3}
101069 | Zot:4    | Noticed a Killer Klown
101080 | Zot:4    | Killed a Killer Klown
101705 | Zot:5    | Entered Level 5 of the Realm of Zot
102538 | Zot:5    | Noticed a dread lich
102952 | Zot:5    | Reached skill level 15 in Shields
103690 | Zot:5    | Noticed an orb of fire
103725 | Zot:5    | Noticed a Killer Klown
103745 | Zot:5    | Killed a Killer Klown
103746 | Zot:5    | Reached XP level 25. HP: 167/221 MP: 33/42
103823 | Zot:4    | Identified the cursed +1 hat of Ashenzari's Ethics {Melee,
                  | Elem} (You found it on level 4 of the Lair of Beasts)
103823 | Zot:4    | Identified the cursed +2 pair of gloves "Share My
                  | Trepidation" {Cun, Elem} (You found it on level 5 of the
                  | Lair of Beasts)
103823 | Zot:4    | Identified the cursed +2 pair of boots of Desmomancy {Fly,
                  | Self, Bglg} (You found it on level 3 of the Depths)
103823 | Zot:4    | Identified the cursed +0 kite shield "Loss of Ashenzari"
                  | {reflect, Melee, Elem} (You took it off Donald on level 2
                  | of the Swamp)
103940 | Zot:5    | Killed a dread lich
104335 | Zot:5    | Noticed a Killer Klown
105238 | Zot:5    | Noticed an ancient lich
105891 | Zot:5    | Noticed an orb of fire
105900 | Zot:5    | Noticed a dread lich
105909 | Zot:5    | Noticed an orb of fire
106124 | Zot:5    | Killed a dread lich
106407 | Zot:5    | Killed a Killer Klown
106488 | Zot:5    | Killed an orb of fire
106580 | Zot:5    | Killed an ancient lich
106770 | Zot:5    | Learned a level 1 spell: Apportation
107186 | Zot:5    | Got the Orb of Zot
107226 | Zot:5    | Gained mutation: You have a beak for a mouth. [an orb of
                  | fire]
107229 | Zot:5    | Gained mutation: You are clumsy. (Dex -2) [an orb of fire]
107830 | D:$      | Escaped with the Orb!

Illustrated notes

Levels and vault maps discovered:
D:1:      heliophobic_arrival_battle_scene, layout_basic,
          hellmonk_ecumenical_altar_pennies_from_heaven, bh_walls_and_bars
D:2:      layout_basic, kennysheep_generic_room_5, uniq_sigmund
D:3:      layout_rooms, gammafunk_ghost_split, uniq_jessica, uniq_natasha
D:4:      layout_cave_pools, minmay_temple_entry_slanted
D:5:      layout_basic, chequers_serial_rivers_micro_c, grunt_decor_fettered,
          uniq_pikel, uniq_duvessa
D:6:      layout_basic, lemuel_crystal_altar, nicolae_uskayaw_en_pointe,
          jmf_multi_god_temple
D:7:      layout_loops_ring, mainiacjoe_overflow_surrounded_room, uniq_joseph,
          uniq_crazy_yiuf_cottage
D:8:      layout_basic, grunt_temple_overflow_bloody_war,
          grunt_lair_entry_orc_guard_hut, enter_bailey_3, grunt_ministairs_5,
          hangedman_decor_diamond_cutter
D:9:      layout_rooms, tso_oasis_becter, orc_0_dummy,
          nicolae_concentric_dashed_squares_wild
D:10:     layout_basic, minivault_21, minivault_24, uniq_erica
D:11:     layout_basic, nicolae_straight_to_the_point
D:12:     layout_roguey
D:13:     layout_loops_ring, grunt_vaults_entry_tiered, serial_shops,
          nicolae_take_the_stairs, nicolae_shop_window_shopping, shop_statue,
          nicolae_diamond_shop, shop_scrolls
D:14:     minmay_blocky_corners, layout_irregular_city, serial_shops,
          nicolae_shop_behind_doors, nicolae_hepliaklqana_hippocampus
D:15:     grunt_enter_depths_snipers, layout_cave_pools,
          chequers_serial_rivers_large_b, uniq_roxanne
Temple:   eino_narrow_crystal_temple
Lair:1:   layout_long_grid, serial_bayou_pond_e
Lair:2:   layout_misc_corridors, nicolae_spider_entry_tight_spaces
Lair:3:   minmay_lair_oklob_tunnel, layout_loops_ring, palyth_hydra_swamp_entry,
          grunt_megastairs_5, lemuel_fruit_tree
Lair:4:   layout_loops_ring, nicolae_slime_entry_slimehenge
Lair:5:   hangedman_lair_caniforms_friends, layout_cave_shapes,
          hangedman_lair_tendril_chambers, uniq_josephine, uniq_nessos
Swamp:1:  layout_falls_marsh, evilmike_swamp_ruin_house_6
Swamp:2:  layout_falls_marsh, nicolae_swamp_ascending_descending,
          nicolae_swamp_frolicking_bunyips, uniq_donald
Swamp:3:  layout_falls_marsh, evilmike_swamp_ruin_rubble_1
Swamp:4:  swamp, layout_basic_swamp, swamp_pool1, grunt_ruined_hall
Spider:1: layout_chambers, drop_trap, nicolae_spider_shape, uniq_frances
Spider:2: layout_spider_delve, gammafunk_ghost_split
Spider:3: layout_spider_delve
Spider:4: hellmonk_spider_rune_endless_swarm, hangedman_spider_tarantella_strand
Slime:1:  layout_caves
Slime:2:  layout_caves
Slime:3:  layout_caves
Slime:4:  cheibrodos_slime_lost_civilization_3, layout_caves
Slime:5
Orc:1:    giant_chief_lemuel, layout_diamond_mine, serial_shops, shop_coins,
          nicolae_shop_waterfront, minmay_shop_mass
Orc:2:    grunt_orc_cross, layout_diamond_mine, basic_altar
Elf:1:    eino_elf_arrival_the_gate, layout_geoelf_octagon,
          minmay_elf_demonology, st_stairs_13, minmay_shop_grove,
          roderic_lattice_octagonal_star, uniq_louise, uniq_aizul
Elf:2:    nicolae_elf_blades_crystal_corner, layout_loops_ring,
          ebering_ghost_xom
Elf:3:    grunt_elf_hall_branching, layout_onion_city, mu_enter_wizlab_2
Vaults:1: gammafunk_ghost_fury_of_okawaru, st_greater_box_2,
          hangedman_vaults_restitches, grunt_vaults_twisty,
          nicolae_vaults_little_squares_6, nicolae_vaults_disjoint_gnomons,
          nicolae_vaults_mini_display_case, hangedman_vaults_slither,
          vaults_dpeg_ring, vaults_dpeg_hooks, ontoclasm_vaults_decontamination,
          nicolae_vaults_what_the_h, layout_vaults_omnicross
Vaults:2: nicolae_vaults_minivaults, v_misc_24, v_misc_15,
          ontoclasm_vaults_bender, v_pattern_2, hangedman_vaults_cutoff,
          hangedman_vaults_stream, vaults_room_door_hall, ontoclasm_vaults_chip,
          ontoclasm_vaults_misaligned, v_misc_15, v_alt_pattern_1,
          v_alt_pattern_5, vaults_dpeg_encased_lava, serial_ice_g, v_misc_16,
          layout_vaults_omnibox, serial_shops, bzr_entry_islet, uniq_margery,
          uniq_bai_suzhen
Vaults:3: minmay_crypt_entry_vampire_xt, v_misc_30,
          nicolae_vaults_ninety_degrees, vaults_mumra_chevron, vaults_mumra_hex,
          v_alt_pattern_6, ontoclasm_vaults_ring_small, ontoclasm_vaults_twist,
          nicolae_vaults_border_crossing, vaults_room_grunt_arrival_ludios,
          layout_vaults_omnigrid, uniq_boris
Vaults:4: ontoclasm_vaults_eye, nicolae_vaults_inception_scallops,
          nicolae_vaults_network_square, vaults_room_hallway, v_misc_17,
          nicolae_vaults_sealed_display, vaults_standard_mumra_x,
          grunt_vaults_diagonal, nicolae_vaults_little_squares_4,
          ontoclasm_vaults_chip, vaults_room_pools, v_misc_18,
          layout_vaults_big_room, serial_shops, shop
Crypt:1:  layout_misc_corridors, minivault_11, st_chilly_death, uniq_saint_roka,
          uniq_xtahua
Depths:1: layout_roguey, nrook_uturn, hell_entry, serial_shops,
          nicolae_shop_stone, dk_noncrumbling_3, nicolae_dithmenos_the_darkroom
Depths:2: nicolae_cairo_tiling, layout_twisted_cross,
          abyss_entry_small_statue_room, pan_entry, grunt_hell_entry_dis_old,
          minmay_protected_statue, infiniplex_staircase_diamond
Depths:3: four-leaf_vault, layout_basic, enter_ziggurat_b,
          abyss_entry_flame_altar, hell_entry, minmay_staircase_bubble,
          uniq_enchantress
Depths:4: hangedman_spin_cycle, serial_shops, hell_entry
Zot:1:    layout_basic, grunt_ministairs_10, uniq_grunn
Zot:2:    layout_cathedral_of_symmetry
Zot:3:    layout_gridlike
Zot:4:    layout_basic
Zot:5:    layout_basic

Skill      XL: |  1  2  3  4  5  6  7  8  9 10 11 12 13 14 15 16 17 18 19 20 21 22 23 24 25 |
---------------+----------------------------------------------------------------------------+-----
Fighting       | 1 2 3 4 5 7 8 10 11 13 14 16 18 | 18.9
Spellcasting   | 3 4 5 7 11 13 14 15 | 15.8
Conjurations   | 5 6 7 9 11 12 13 16 18 19 20 | 20.9
Dodging        | 3 5 7 9 10 11 12 | 12.7
Poison Magic   | 3 4 6 8 11 | 11.5
Fire Magic     | 4 5 9 11 13 15 17 18 20 | 20.5
Air Magic      | 4 |  4.2
Axes           | 1 3 10 | 10.5
Long Blades    | 2 |  2.5
Necromancy     | 2 4 |  4.5
Stealth        | 4 5 6 7 8 11 | 11.7
Shields        | 3 6 7 15 18 | 18.2
Translocations | 1 |  1.1

Action                   |  1- 3 |  4- 6 |  7- 9 | 10-12 | 13-15 | 16-18 | 19-21 | 22-24 | 25-27 || total
-------------------------+-------+-------+-------+-------+-------+-------+-------+-------+-------++-------
Melee: Unarmed           |     2 |       |     4 |       |       |       |       |       |       ||     6
       Dagger            |     6 |    14 |    11 |       |       |       |       |       |       ||    31
       Whip              |       |     3 |    49 |       |       |       |       |       |       ||    52
       Tailslap          |       |     1 |    10 |    36 |    69 |    57 |   118 |   121 |    25 ||   437
       Hand axe          |       |       |    19 |   149 |   356 |   281 |   401 |   448 |    97 ||  1751
       Punch             |       |       |     1 |     2 |     4 |     7 |       |       |       ||    14
 Cast: Magic Dart        |    66 |    85 |   221 |   104 |       |       |       |       |       ||   476
       Searing Ray       |     2 |     9 |    22 |       |       |       |       |       |       ||    33
       Ignite Poison     |       |       |    15 |    44 |    70 |    15 |     4 |    14 |       ||   162
       Mephitic Cloud    |       |       |    10 |    17 |     8 |     1 |     1 |       |       ||    37
       Olgreb's Toxic Ra |       |       |       |    39 |   179 |   193 |   200 |   141 |    10 ||   762
       Blink             |       |       |       |     2 |     4 |       |     3 |     5 |       ||    14
       Fireball          |       |       |       |    47 |   174 |   143 |   229 |   246 |    14 ||   853
       Ignition          |       |       |       |       |     4 |    18 |    95 |   134 |       ||   251
       Sticky Flame      |       |       |       |       |       |    19 |    47 |    99 |    18 ||   183
       Orb of Destructio |       |       |       |       |       |       |    53 |   227 |    52 ||   332
       Fire Storm        |       |       |       |       |       |       |       |    32 |     6 ||    38
       Apportation       |       |       |       |       |       |       |       |       |     1 ||     1
Invok: Curse Item        |       |       |     2 |     3 |     5 |     1 |     2 |     4 |       ||    17
       Shatter the Chain |       |       |       |     1 |     1 |     1 |     2 |     4 |       ||     9
 Abil: Breathe Noxious F |       |       |    33 |    34 |    67 |    21 |     4 |    17 |     1 ||   177
Evoke: Wand              |       |       |       |     3 |     3 |       |     1 |     4 |       ||    11
  Use: Scroll            |     5 |     3 |     4 |     8 |     2 |     1 |     6 |    12 |     4 ||    45
       Potion            |       |       |       |     1 |       |     4 |     1 |     7 |     2 ||    15
 Stab: Confused          |       |       |     2 |     3 |     2 |     2 |       |       |       ||     9
       Distracted        |       |       |       |     2 |     4 |     7 |     3 |    13 |     3 ||    32
       Sleeping          |       |       |       |       |     1 |       |       |     4 |       ||     5
Armor: Skin              |     4 |     9 |    51 |    56 |   122 |   165 |   157 |   228 |    23 ||   815
Dodge: Dodged            |     7 |    27 |    70 |   149 |   406 |   412 |   291 |   337 |    41 ||  1740
Block: Other             |       |       |       |       |    33 |   101 |       |       |       ||   134
       Reflection        |       |       |       |       |     1 |     8 |    51 |    26 |       ||    86
       Buckler           |       |       |       |       |       |    21 |   123 |       |       ||   144
       Kite shield       |       |       |       |       |       |       |   233 |   326 |    53 ||   612
